 Dungeon Crawl Stone Soup version 0.27-a0-797-g27d10ad80f (webtiles) character file.

Game seed: 17553556241812868743

169833 wakim the Eclecticist (level 17, -22/128 HPs)
             Began as a Djinni Conjurer on Mar 27, 2021.
             Was a High Priest of Nemelex Xobeh.
             Annihilated by a nagaraja
             ... wielding a +0 spear
              (26 damage)
             ... on level 4 of the Snake Pit.
             The game lasted 02:33:57 (29960 turns).

wakim the Eclecticist (Djinni Conjurer)            Turns: 29960, Time: 02:33:57

Health: -22/128    AC: 20    Str:  5    XL:     17   Next: 98%
Gold:   2262       EV:  8    Int: 28    God:    Nemelex Xobeh [*****.] SH: 10 Dex: 13

rFire    + + .     SeeInvis +   b - +0 rapier (speed)
rCold    + + .     Faith    .   S - +3 warlock's mirror {reflect}
rNeg     + + .     Spirit   .   u - +1 ice dragon scales
rPois    ∞         Reflect  +   V - +0 helmet {SInv}
rElec    .         Harm     .   K - +2 ratskin cloak {*Rats rPois rN+ Str-1 Int-1 Dex+1}
rCorr    .         Rampage  .   c - +0 pair of gloves
Will     +....                  (boots unavailable)
Stlth    ..........             n - amulet of regeneration
HPRegen  1.31/turn              o - ring of protection from cold
MPRegen  0.00/turn              f - ring "Werac" {rF+ rN+ Int+2}

@: flying, studying 3 skills
A: fire resistance 2, cold vulnerability 1, float, innate caster, hp casting,
extra vitality 1
a: Renounce Religion, Draw Escape, Draw Destruction, Draw Summoning, Draw Stack,
Triple Draw, Deal Four, Stack Five


You were on level 4 of the Snake Pit.
You worshipped Nemelex Xobeh.
Nemelex Xobeh was extremely pleased with you.
You visited 5 branches of the dungeon, and saw 28 of its levels.
You also visited: Ossuary, Bailey, Gauntlet and Ice Cave.

You collected 2592 gold pieces.
You spent 330 gold pieces at shops.

Inventory:

Hand Weapons
 a - the +6 hunting sling of the Hidden Vale {vorpal, +Inv}
   (You acquired it on level 6 of the Dungeon)

   Any stone fired from it inflicts extra damage.
   It lets you turn invisible.
 b - a +0 rapier of speed (weapon)
Missiles
 r - 34 boomerangs
 v - 193 sling bullets
 x - 14 silver javelins
 L - 4 curare-tipped darts
 Q - 4 throwing nets
Armour
 c - a +0 pair of gloves (worn)
 g - a +1 kite shield
 l - +0 acid dragon scales
 u - +1 ice dragon scales (worn)
 K - the +2 ratskin cloak (worn) {*Rats rPois rN+ Str-1 Int-1 Dex+1}
   (You found it in a Gauntlet)

   It affects your strength (-1).
   It affects your intelligence (-1).
   It affects your dexterity (+1).
   It protects you from poison.
   It protects you from negative energy.
 S - the +3 warlock's mirror (worn) {reflect}
   (You found it on level 10 of the Dungeon)
 V - a +0 helmet of see invisible (worn)
Jewellery
 f - the ring "Werac" (right hand) {rF+ rN+ Int+2}
   (You acquired it on level 10 of the Dungeon)

   [ring of positive energy]

   It affects your intelligence (+2).
   It protects you from fire.
   It protects you from negative energy.
 k - a +6 ring of intelligence
 n - an amulet of regeneration (around neck)
 o - a ring of protection from cold (left hand)
 s - a +4 ring of evasion
 t - a ring of positive energy
 w - a ring of ice
 O - a ring of resist corrosion
Wands
 d - a wand of digging (21)
 e - a wand of charming (8)
 h - a wand of acid (46)
 i - a wand of iceblast (35)
 j - a wand of polymorph (15)
 p - a wand of paralysis (23)
 q - a wand of flame (106)
 y - a wand of mindburst (16)
Scrolls
 A - a scroll of holy word {unknown}
 D - 6 scrolls of blinking
 E - 6 scrolls of fear
 F - 2 scrolls of fog
 U - 5 scrolls of enchant weapon
 W - 5 scrolls of enchant armour
 X - 3 scrolls of magic mapping {@r4}
 Y - 17 scrolls of teleportation {@r3}
 Z - 10 scrolls of identify {@r1}
Potions
 B - 4 potions of brilliance
 C - 3 potions of cancellation
 G - a potion of ambrosia
 H - 3 potions of haste
 I - 2 potions of invisibility
 J - 17 potions of curing {@q1}
 M - 6 potions of might
 N - 4 potions of heal wounds {@q2}
 P - 9 potions of lignification
 R - a potion of resistance
 T - a potion of berserk rage
Miscellaneous
 m - a phantom mirror
 z - a box of beasts


   Skills:
 * Level 13.8 Fighting
 - Level 5.5 Slings
 + Level 10.3 Armour
 - Level 10.0 Dodging
 - Level 1.5 Stealth
 + Level 11.0 Shields
 * Level 15.5 Spellcasting
 + Level 11.7 Invocations
 - Level 6.0 Evocations


You had 2 spell levels left.
You knew the following spells:

 Your Spells              Type           Power      Damage    Failure   Level
a - Magic Dart            Conj           100%       1d8       1%          1
b - Iskenderun's Mystic   Conj/Tloc      83%        2d16      1%          4
c - Summon Small Mammal   Summ           100%       N/A       1%          1
d - Corpse Rot            Necr/Air       N/A        N/A       1%          2
e - Lesser Beckoning      Tloc           41%        N/A       1%          3
f - Fulminant Prism       Conj/Hex       41%        3d20      1%          4
g - Spider Form           Tmut/Pois      41%        N/A       1%          3
h - Petrify               Tmut/Erth      83%        N/A       1%          4
i - Iskenderun's Battles  Conj           83%        2d13      2%          5
j - Starburst             Conj/Fire      41%        8x6d12    12%         6
k - Malign Gateway        Summ/Tloc      41%        N/A       54%         7
p - Dazzling Flash        Conj/Hex       100%       N/A       1%          3
x - Searing Ray           Conj           100%       3d7       1%          2
Your spell library was empty.

Dungeon Overview and Level Annotations

Branches:
Dungeon (15/15)            Temple (1/1) D:6            Lair (6/6) D:11
 Shoals (0/4) Lair:4        Snake (4/4) Lair:4        Slime (0/5) Lair:6
    Orc (2/2) D:12            Elf (0/3) Orc:2        Vaults (0/5) D:14
 Depths (0/5) D:15        Ossuary (visited)          Bailey (visited)
  IceCv (visited)         Gauntlet (visited)

Altars:
Ashenzari
Cheibriados
Dithmenos
Elyvilon
Fedhas
Gozag
Hepliaklqana
Kikubaaqudgha
Makhleb
Nemelex Xobeh
Okawaru
Qazlal
Ru
Sif Muna
Trog
Uskayaw
Vehumet
Wu Jian
Xom
Yredelemnul
Zin
The Shining One
Jiyva

Shops:
D:2 *   Orc:2 [?*(

Portals:
Trove: D:10 (give 12 potions of heal wounds)

Annotations:
D:12 2 transporters
Snake:3 Vashnia


Innate Abilities, Weirdness & Mutations

You are immune to poison.
Your flesh is very heat resistant. (rF++)
You are vulnerable to cold. (rC-)
You float through the air rather than walking.
You learn spells naturally, not from books.
Your magical power is your life essence.
You have superior vitality. (+4 HP)


Message History

The bolt of fire hits the naga warrior!
The naga warrior is heavily wounded.
The bolt of fire misses the nagaraja.
The bolt of fire hits the naga sharpshooter!!!
You kill the naga sharpshooter!
The bolt of fire hits the naga mage!!
You kill the naga mage!
* * * LOW HITPOINT WARNING * * *
The naga warrior roars a battlecry!
The naga warrior goes into a battle-frenzy!
The naga mage hits you from afar with a +0 spear!!
* * * LOW HITPOINT WARNING * * *
A river rat scurries out from under your cloak.
The naga warrior spits poison at you. You resist.
The naga mage gestures wildly while chanting.
The naga mage seems to speed up.
The nagaraja gestures at you while chanting.
The bolt of poison hits the naga warrior!
The nagaraja points at you and mumbles some strange words.
You resist.
You hear a shout!
A naga sharpshooter comes into view. It is wielding a +0 mace.
The naga warrior hits you with a +0 mace!
* * * LOW HITPOINT WARNING * * *
The naga warrior grabs you.
You stop ascending the stairs.
The naga warrior constricts you.
The naga mage hits you from afar with a +0 spear!
* * * LOW HITPOINT WARNING * * *
The nagaraja points at you and mumbles some strange words.
The poison arrow hits you! You partially resist.
* * * LOW HITPOINT WARNING * * *
You escape the naga warrior's grasp.
The nagaraja hits you from afar with a +0 spear!
* * * LOW HITPOINT WARNING * * *
The naga mage hits you from afar with a +0 spear.
* * * LOW HITPOINT WARNING * * *
The nagaraja hits you from afar with a +0 spear!!
You die...
Your body glows slightly and disappears.

#.....#.....# #..........###..
#.....#.....# ..#...............
#.....#.....# ..#...............
#..#######..##+#'#...............
#.## #..................(... ###
.........#...[.......
.......#...........
#r........).)..##.
#@[...........####
##N)N.........## #
#.NNNN........# # #.N.[N.......##
## .....)N..N!......## #.
...[..NN..[.......# #.
#######NNN##...#### ##
...N.........# #.N...N.......#


You could see 4 naga warriors, 3 nagarajas, 2 naga sharpshooters, a naga
ritualist (strong), 4 naga magi, 2 nagas and a friendly river rat.

Vanquished Creatures
  Nikola (Snake:3)
  2 Ice Fiends (IceCv)
  Frances (D:12)
  Roxanne (Snake:3)
  A frost giant (D:15)
  A nagaraja (Snake:4)
  Louise (Snake:3)
  Aizul (Snake:3)
  6 dire elephants (Lair:6)
  A minotaur (Gauntlet)
  A salamander tyrant (Snake:3)
  Harold (Lair:2)
  14 hydras
  A boulder beetle (D:11)
  13 naga warriors
  Fannar (D:12)
  3 centaur warriors
  An ice dragon (Snake:1)
  An ogre mage (D:14)
  7 anacondas
  5 death yaks (Lair:6)
  A catoblepas (Lair:5)
  4 tengu warriors
  5 two-headed ogres
  10 naga sharpshooters
  5 orc high priests (Orc:2)
  6 shock serpents
  Nergalle (Lair:2)
  Sonja (D:12)
  4 salamander mystics
  6 naga ritualists
  9 wizards (D:10)
  A lindwurm (Lair:6)
  A deep elf pyromancer (D:15)
  13 ugly things
  7 orc knights
  6 mana vipers
  Pikel (D:7)
  2 oklob plants (Lair:3)
  5 manticores
  8 slime creatures
  4 cyclopes
  Joseph (D:7)
  23 black mambas
  A guardian serpent (Snake:2)
  15 salamanders
  2 ice statues (IceCv)
  20 naga magi
  Maurice (Orc:2)
  8 elephants
  A torpor snail (Lair:1)
  Maggie (D:7)
  8 cane toads
  2 gargoyles
  A kobold demonologist (D:11)
  3 rime drakes
  A yaktaur (D:15)
  2 unseen horrors
  A freezing wraith (D:14)
  6 komodo dragons
  12 ice devils (IceCv)
  3 tengu conjurers
  8 polar bears
  A hornet (D:9)
  7 trolls
  Prince Ribbit (D:7)
  A snapping turtle (Lair:4)
  21 blink frogs
  2 raiju (Gauntlet)
  2 meliai zombies
  Sigmund (D:6)
  A vampire (D:13)
  42 yaks
  7 wyverns
  4 basilisks
  3 steam dragons
  A neqoxec (Gauntlet)
  2 vampire mosquitoes (D:14)
  3 chaos spawn (Gauntlet)
  Menkaure (D:6)
  An acid dragon (D:10)
  38 nagas
  3 wargs
  Duvessa (D:6)
  14 water moccasins
  37 orc warriors
  2 sky beasts
  An ice beast (D:7)
  5 ogres
  A necrophage (D:5)
  16 wolves
  10 centaurs
  2 lemures (D:7)
  12 bullfrogs
  A wyvern zombie (D:6)
  Dowan (D:6)
  3 water moccasin zombies
  A scorpion (D:4)
  2 water moccasin skeletons (D:5)
  9 killer bees
  9 wights (D:9)
  2 electric eels
  13 howler monkeys
  7 centaur zombies
  6 bullfrog zombies
  28 orc priests
  3 hounds
  14 mummies (Ossuary)
  A human zombie (D:4)
  A centaur skeleton (D:7)
  8 jellies
  A gnoll shaman (D:5)
  2 iguanas
  13 orc wizards
  2 lightning spires (Gauntlet)
  A hound skeleton (D:5)
  3 howler monkey zombies
  5 gnolls
  4 adders
  A shadow imp (D:7)
  6 white imps
  9 ufetubi
  A worm (D:5)
  2 dart slugs
  73 orcs
  4 ball pythons
  8 endoplasms
  4 giant cockroaches
  17 goblins
  11 hobgoblins
  7 jackals
  7 kobolds
  3 quokkas
  8 bats
  A frilled lizard (D:1)
  3 rats (D:1)
  4 fulminant prisms
836 creatures vanquished.

Vanquished Creatures (collateral kills)
  An orc knight (Orc:2)
  A cane toad (Lair:2)
  A blink frog (Lair:2)
  3 wolves (Lair:2)
6 creatures vanquished.

Vanquished Creatures (others)
  A wizard (D:10)
  A salamander (Snake:3)
  An orc priest (Orc:1)
  5 white imps (IceCv)
  115 fulminant prisms
  28 fungi
  38 plants
  7 withered plants (Ossuary)
196 creatures vanquished.

Grand Total: 1038 creatures vanquished

Notes
Turn   | Place    | Note
-------+----------+-------------------------------------------
     0 | D:1      | wakim the Djinni Conjurer began the quest for the Orb.
     0 | D:1      | Reached XP level 1. HP: 15/15 MP: 0/0
   452 | D:1      | Reached XP level 2. HP: 16/21 MP: 0/0
   538 | D:1      | Reached skill level 4 in Spellcasting
  1018 | D:1      | Reached XP level 3. HP: 22/25 MP: 0/0
  1018 | D:1      | Learned a level 1 spell: Summon Small Mammal
  1769 | D:2      | Found a bloodstained altar of Trog.
  1770 | D:2      | Found a hide-covered altar of Uskayaw.
  1820 | D:2      | Found Humy's Assorted Antiques.
  2262 | D:3      | Reached XP level 4. HP: 31/31 MP: 0/0
  2480 | D:3      | Reached skill level 1 in Shields
  2480 | D:3      | Reached skill level 5 in Spellcasting
  2492 | D:3      | Reached XP level 5. HP: 34/35 MP: 0/0
  2492 | D:3      | Learned a level 2 spell: Corpse Rot
  2512 | D:3      | Found an iron altar of Okawaru.
  2897 | D:4      | Found a stormy altar of Qazlal.
  2927 | D:4      | Reached XP level 6. HP: 26/40 MP: 0/0
  2961 | D:4      | Found a sand-covered staircase.
  2978 | Ossuary  | Entered an ossuary
  3003 | Ossuary  | Reached skill level 6 in Spellcasting
  3074 | Ossuary  | Reached XP level 7. HP: 43/45 MP: 0/0
  3074 | Ossuary  | Learned a level 3 spell: Lesser Beckoning
  3147 | Ossuary  | Reached skill level 7 in Spellcasting
  3235 | Ossuary  | Reached XP level 8. HP: 47/50 MP: 0/0
  3969 | D:5      | Entered Level 5 of the Dungeon
  4128 | D:5      | Reached skill level 5 in Shields
  4128 | D:5      | Reached skill level 8 in Spellcasting
  4463 | D:5      | Reached XP level 9. HP: 54/55 MP: 0/0
  4463 | D:5      | Learned a level 3 spell: Spider Form
  4808 | D:6      | Noticed Sigmund
  4810 | D:6      | Noticed Menkaure
  4812 | D:6      | Killed Sigmund
  4813 | D:6      | Reached skill level 1 in Armour
  4815 | D:6      | Killed Menkaure
  4816 | D:6      | Reached skill level 9 in Spellcasting
  4863 | D:6      | Found a staircase to the Ecumenical Temple.
  4894 | Temple   | Entered the Ecumenical Temple
  4998 | Temple   | Became a worshipper of Nemelex Xobeh the Trickster
  5032 | D:6      | Identified a scroll of acquirement
  5032 | D:6      | Acquired the +6 hunting sling of the Hidden Vale {vorpal,
                  | +Inv}
  5049 | D:6      | Noticed Duvessa
  5049 | D:6      | Noticed Dowan
  5063 | D:6      | Killed Duvessa
  5064 | D:6      | Killed Dowan
  5694 | D:6      | Reached skill level 1 in Invocations
  6025 | D:7      | Reached * piety under Nemelex Xobeh
  6027 | D:7      | Noticed Pikel
  6044 | D:7      | Killed Pikel
  6045 | D:7      | Reached XP level 10. HP: 53/60 MP: 0/0
  6179 | D:7      | Noticed Joseph
  6192 | D:7      | Killed Joseph
  6193 | D:7      | Reached skill level 10 in Spellcasting
  6196 | D:7      | Noticed Maggie
  6404 | D:7      | Found a white marble altar of Elyvilon.
  6411 | D:7      | Noticed Prince Ribbit
  6417 | D:7      | Killed Prince Ribbit
  6491 | D:7      | Killed Maggie
  6808 | D:8      | Found a shadowy altar of Dithmenos.
  6839 | D:8      | Received a gift from Nemelex Xobeh
  6873 | D:8      | Found a basalt altar of Yredelemnul.
  7706 | D:9      | Found a stormy altar of Qazlal.
  7746 | D:9      | Reached ** piety under Nemelex Xobeh
  7798 | D:9      | Received a gift from Nemelex Xobeh
  7811 | D:9      | Found an opulent altar of Gozag.
  7907 | D:9      | Reached skill level 1 in Slings
  8626 | D:9      | Noticed a gargoyle
  8635 | D:9      | Reached skill level 5 in Dodging
  8635 | D:9      | Reached skill level 5 in Invocations
  8649 | D:9      | Killed a gargoyle
  8650 | D:9      | Reached XP level 11. HP: 44/66 MP: 0/0
  8650 | D:9      | Learned a level 4 spell: Petrify
  8724 | D:9      | Reached skill level 1 in Fighting
  8724 | D:9      | Reached skill level 11 in Spellcasting
  9079 | D:10     | Entered Level 10 of the Dungeon
  9084 | D:10     | Reached skill level 5 in Armour
  9136 | D:10     | Noticed a wizard
  9152 | D:10     | Found a portal to a secret trove of treasure.
  9209 | D:10     | Found a flagged portal.
  9222 | D:10     | Reached *** piety under Nemelex Xobeh
  9224 | Bailey   | Entered a bailey
  9770 | Bailey   | Noticed an orc knight
  9787 | Bailey   | Killed an orc knight
 10005 | D:10     | Acquired the ring "Werac" {rF+ rN+ Int+2}
 10097 | D:10     | Received a gift from Nemelex Xobeh
 10476 | D:10     | Noticed a wizard
 10479 | D:10     | Noticed a wizard
 10485 | D:10     | Killed a wizard
 10495 | D:10     | Killed a wizard
 10498 | D:10     | Killed a wizard
 10509 | D:10     | Reached **** piety under Nemelex Xobeh
 10572 | D:10     | Noticed a wizard
 10578 | D:10     | Killed a wizard
 10635 | D:10     | Noticed a wizard
 10639 | D:10     | Killed a wizard
 10667 | D:10     | Noticed a wizard
 10671 | D:10     | Killed a wizard
 10677 | D:10     | Noticed a wizard
 10682 | D:10     | Killed a wizard
 10683 | D:10     | Noticed a wizard
 10683 | D:10     | Noticed a wizard
 10687 | D:10     | Killed a wizard
 10687 | D:10     | Noticed a wizard
 10691 | D:10     | Killed a wizard
 10692 | D:10     | Reached XP level 12. HP: 63/80 MP: 0/0
 10693 | D:10     | Reached skill level 5 in Fighting
 10715 | D:10     | Found the +3 warlock's mirror {reflect}
 10951 | D:11     | Received a gift from Nemelex Xobeh
 11002 | D:11     | Noticed a two-headed ogre
 11006 | D:11     | Killed a two-headed ogre
 11016 | D:11     | Noticed a boulder beetle
 11044 | D:11     | Noticed a soul eater
 11060 | D:11     | Killed a boulder beetle
 11073 | D:11     | Reached skill level 12 in Spellcasting
 11080 | D:11     | Found a gate leading to a gauntlet.
 11093 | Gauntlet | Entered a Gauntlet
 11093 | Gauntlet | Found a transporter.
 11093 | Gauntlet | Found a transporter.
 11098 | Gauntlet | Found a transporter.
 11113 | Gauntlet | Found a transporter.
 11129 | Gauntlet | Found a transporter.
 11141 | Gauntlet | Found a transporter.
 11157 | Gauntlet | Found a transporter.
 11223 | Gauntlet | Found a transporter.
 11238 | Gauntlet | Found a transporter.
 11240 | Gauntlet | Found a large runed translucent door.
 11241 | Gauntlet | Found a large runed translucent door.
 11242 | Gauntlet | Found a large runed translucent door.
 11242 | Gauntlet | Found a large runed translucent door.
 11254 | Gauntlet | Found a transporter.
 11267 | Gauntlet | Found a transporter.
 11297 | Gauntlet | Found a large runed translucent door.
 11298 | Gauntlet | Found a large runed translucent door.
 11300 | Gauntlet | Found a runed translucent gate.
 11325 | Gauntlet | Found a transporter.
 11397 | Gauntlet | Found a transporter.
 11398 | Gauntlet | Found a transporter.
 11399 | Gauntlet | Found a large runed translucent door.
 11400 | Gauntlet | Found a large runed translucent door.
 11401 | Gauntlet | Found a large runed translucent door.
 11401 | Gauntlet | Found a large runed translucent door.
 11401 | Gauntlet | Found a runed translucent door.
 11402 | Gauntlet | Found a large runed translucent door.
 11402 | Gauntlet | Found a runed translucent door.
 11403 | Gauntlet | Found a large runed translucent door.
 11403 | Gauntlet | Received a gift from Nemelex Xobeh
 11403 | Gauntlet | Found a large runed translucent door.
 11403 | Gauntlet | Found a large runed translucent door.
 11420 | Gauntlet | Found a large runed translucent door.
 11420 | Gauntlet | Found a large runed translucent door.
 11422 | Gauntlet | Found a runed translucent gate.
 11422 | Gauntlet | Found a runed translucent gate.
 11424 | Gauntlet | Found a transporter.
 11428 | Gauntlet | Found a transporter.
 11433 | Gauntlet | Found the +2 ratskin cloak {*Rats rPois rN+ Str-1 Int-1
                  | Dex+1}
 11758 | Gauntlet | Identified the +5 plate armour of the Unbroken {Rampage
                  | rPois Dex+2}
 11758 | Gauntlet | Noticed a minotaur
 11768 | Gauntlet | Killed a minotaur
 11806 | D:11     | Found a staircase to the Lair.
 12075 | D:12     | Found a staircase to the Orcish Mines.
 12150 | D:12     | Reached ***** piety under Nemelex Xobeh
 12150 | D:12     | Received a gift from Nemelex Xobeh
 12224 | D:12     | Found a transporter.
 12227 | D:12     | Noticed a deep elf knight
 12232 | D:12     | Noticed a six-headed hydra
 12244 | D:12     | Killed a six-headed hydra
 12452 | D:12     | Noticed Sonja
 12458 | D:12     | Killed Sonja
 12477 | D:12     | Noticed Fannar
 12489 | D:12     | Noticed a five-headed hydra
 12505 | D:12     | Killed Fannar
 12506 | D:12     | Reached XP level 13. HP: 69/92 MP: 0/0
 12506 | D:12     | Learned a level 5 spell: Iskenderun's Battlesphere
 12507 | D:12     | Reached skill level 5 in Slings
 12630 | D:12     | Noticed Frances
 12643 | D:12     | Killed Frances
 12734 | D:12     | Found a transporter.
 12887 | D:13     | Received a gift from Nemelex Xobeh
 13122 | D:13     | Received a gift from Nemelex Xobeh
 13723 | D:14     | Identified the +7 quarterstaff of Optimality {drain, rPois
                  | rF- Int+3}
 13849 | Lair:1   | Entered Level 1 of the Lair of Beasts
 13968 | Lair:1   | Reached skill level 1 in Evocations
 14003 | Lair:1   | Received a gift from Nemelex Xobeh
 14722 | Lair:2   | Received a gift from Nemelex Xobeh
 14774 | Lair:2   | Noticed Harold
 14792 | Lair:2   | Killed Harold
 14952 | Lair:2   | Noticed Nergalle
 14965 | Lair:2   | Killed Nergalle
 14966 | Lair:2   | Reached XP level 14. HP: 74/101 MP: 0/0
 15006 | Lair:2   | Reached skill level 13 in Spellcasting
 15123 | Lair:2   | Received a gift from Nemelex Xobeh
 15853 | Lair:3   | Received a gift from Nemelex Xobeh
 16376 | Lair:4   | Reached ****** piety under Nemelex Xobeh
 16508 | Lair:4   | Received a gift from Nemelex Xobeh
 16532 | Lair:4   | Found a staircase to the Shoals.
 16879 | Lair:4   | Found a bloodstained altar of Trog.
 17145 | Lair:4   | Found a staircase to the Snake Pit.
 17258 | Lair:5   | Received a gift from Nemelex Xobeh
 17330 | Lair:5   | Reached skill level 10 in Invocations
 17391 | Lair:5   | Received a gift from Nemelex Xobeh
 18445 | Lair:6   | Entered Level 6 of the Lair of Beasts
 18445 | Lair:6   | Received a gift from Nemelex Xobeh
 18605 | Lair:6   | Reached skill level 5 in Evocations
 18608 | Lair:6   | Reached skill level 10 in Fighting
 18613 | Lair:6   | Reached XP level 15. HP: 49/107 MP: 0/0
 18613 | Lair:6   | Learned a level 6 spell: Starburst
 18851 | Lair:6   | Received a gift from Nemelex Xobeh
 19166 | Lair:6   | Found a runed translucent door.
 19167 | Lair:6   | Found a viscous altar of Jiyva.
 19168 | Lair:6   | Found a staircase to the Slime Pits.
 19951 | Orc:1    | Entered Level 1 of the Orcish Mines
 19994 | Orc:1    | Received a gift from Nemelex Xobeh
 20565 | Orc:2    | Entered Level 2 of the Orcish Mines
 20636 | Orc:2    | Received a gift from Nemelex Xobeh
 20838 | Orc:2    | Reached skill level 14 in Spellcasting
 21041 | Orc:2    | Found a staircase to the Elven Halls.
 21395 | Orc:2    | Noticed Maurice
 21403 | Orc:2    | Killed Maurice
 21508 | Orc:2    | Found Otashrus's Weapon Shoppe.
 21510 | Orc:2    | Found Aroaseum's General Store.
 21512 | Orc:2    | Found Giraukag's Magic Scroll Emporium.
 21513 | Orc:2    | Found Ennu's Armour Shoppe.
 21519 | Orc:2    | Bought 3 scrolls of magic mapping for 136 gold pieces
 21519 | Orc:2    | Bought a scroll of identify for 26 gold pieces
 21522 | Orc:2    | Bought 3 scrolls of fear for 168 gold pieces
 21907 | D:14     | Received a gift from Nemelex Xobeh
 22022 | D:14     | Found a gate to the Vaults.
 22127 | D:14     | Reached XP level 16. HP: 112/117 MP: 0/0
 22652 | D:15     | Entered Level 15 of the Dungeon
 22678 | D:15     | Received a gift from Nemelex Xobeh
 23284 | D:15     | Found a staircase to the Depths.
 23429 | D:15     | Received a gift from Nemelex Xobeh
 23965 | Snake:1  | Entered Level 1 of the Snake Pit
 24081 | Snake:1  | Found a frozen archway.
 24091 | IceCv    | Entered an ice cave
 24548 | IceCv    | Noticed an Ice Fiend
 24559 | IceCv    | Killed an Ice Fiend
 24590 | IceCv    | Noticed an Ice Fiend
 24608 | IceCv    | Killed an Ice Fiend
 24851 | Snake:1  | Received a gift from Nemelex Xobeh
 25747 | Snake:1  | Received a gift from Nemelex Xobeh
 26181 | Snake:2  | Found a shimmering altar of Xom.
 26259 | Snake:2  | Received a gift from Nemelex Xobeh
 26522 | Snake:2  | Reached XP level 17. HP: 110/125 MP: 0/0
 26522 | Snake:2  | Learned a level 7 spell: Malign Gateway
 26824 | Snake:2  | Received a gift from Nemelex Xobeh
 27147 | Snake:3  | Noticed Louise
 27156 | Snake:3  | Killed Louise
 27268 | Snake:3  | Reached skill level 15 in Spellcasting
 27347 | Snake:3  | Reached skill level 10 in Dodging
 27592 | Snake:3  | Noticed Aizul
 27600 | Snake:3  | Noticed Nikola
 27604 | Snake:3  | Killed Aizul
 27725 | Snake:3  | Acquired a manual of Shields
 27744 | Snake:3  | Noticed Roxanne
 27879 | Snake:3  | Killed Roxanne
 27950 | Snake:3  | Received a gift from Nemelex Xobeh
 28051 | Snake:3  | Reached skill level 10 in Shields
 28504 | Snake:3  | Noticed Vashnia
 28719 | Snake:4  | Entered Level 4 of the Snake Pit
 28719 | Snake:4  | Received a gift from Nemelex Xobeh
 28773 | Snake:4  | Reached skill level 10 in Armour
 29066 | Snake:4  | HP: 1/127 [something (13)]
 29269 | Snake:4  | Identified the +0 ring mail "Rouffeiv" {Rampage Int+3}
 29357 | Snake:4  | Received a gift from Nemelex Xobeh
 29821 | Snake:3  | HP: 1/128 [Nikola/chain lightning (24)]
 29821 | Snake:3  | Killed Nikola
 29960 | Snake:4  | HP: 6/128 [nagaraja/+0 spear (8)]
 29960 | Snake:4  | Annihilated by a nagaraja

Illustrated notes

Levels and vault maps discovered:
D:1:      dpeg_arrival_refuge, layout_rooms, minmay_hexomino_u4
D:2:      layout_basic, gammafunk_temple_overflow_statue, serial_shops, shop
D:3:      layout_basic, kennysheep_okawaru_gauntlet,
          chequers_serial_rivers_small_3
D:4:      layout_basic, general_overflow_altar, enter_ossuary_3,
          minmay_fractal_squares_diagonal_5
D:5:      layout_cave_pools, hangedman_decor_lopped, hangedman_minor_gate_pass
D:6:      layout_basic, minmay_temple_entry_glass, nicolae_lava_and_water,
          uniq_duvessa, uniq_sigmund, uniq_menkaure
D:7:      cheibrodos_helix_gallery, layout_basic, basic_altar,
          hangedman_abyss_or_decor_passed, uniq_maggie, uniq_pikel, uniq_joseph,
          uniq_prince_ribbit1
D:8:      layout_basic, yredelemnul_altar_generic,
          nicolae_overflow_crystal_walls
D:9:      minmay_recursive_quarters, layout_layer_cave,
          grunt_temple_overflow_open, nicolae_qazlal_general_emergency
D:10:     minmay_smoke_and_mirrors, layout_irregular_city,
          nicolae_trove_entry_columns, enter_bailey_5
D:11:     layout_rooms, lair_entry_dummy, gauntlet_entry_generic
D:12:     gammafunk_wand_slinger, layout_stronghold, david_orc_3, uniq_sonja,
          uniq_fannar, uniq_frances
D:13:     layout_irregular_city
D:14:     layout_loops_ring, david_vaults_2, minivault_19,
          palyth_stone_intersect
D:15:     grunt_enter_depths_snipers, layout_small_grid,
          hangedman_abyss_or_decor_stagger
Temple:   zaba_magenta_temple
Lair:1:   layout_gridlike, serial_rivers, chequers_serial_rivers_room_b,
          chequers_serial_rivers_micro_a, chequers_serial_rivers_micro_c,
          chequers_serial_rivers_micro_e, chequers_serial_rivers_room_b,
          cheibrodos_lair_lostbears, grunt_megastairs_3
Lair:2:   layout_roguey, uniq_nergalle, uniq_harold
Lair:3:   layout_gridlike, minmay_holes, minmay_lair_oklob_chamber
Lair:4:   layout_cave_pods, minmay_shoals_entry_hut,
          guppyfry_snake_entry_garden, lemuel_centaur_altar
Lair:5:   layout_cave_pods, beast_lair_carwin_7, grunt_megastairs_4
Lair:6:   due_jungle_book, layout_gridlike, slime_altar_2
Snake:1:  layout_chambers, portal_ice_cave_entry_dragon, grunt_megastairs_2
Snake:2:  layout_cave_shapes, lemuel_altar_in_water2, lemuel_fruit_tree
Snake:3:  layout_gridlike, abandoned_shop, nicolae_snake_salamander_stairs,
          uniq_aizul, uniq_vashnia, uniq_louise, uniq_nikola, uniq_roxanne
Snake:4:  snake_pit, layout_cave_town, minmay_shop_grove
Orc:1:    layout_diamond_mine
Orc:2:    st_orc_pillars, layout_caves, uniq_maurice

Skill      XL: |  1  2  3  4  5  6  7  8  9 10 11 12 13 14 15 16 17 |
---------------+----------------------------------------------------+-----
Spellcasting   | 4 5 6 7 8 9 10 11 12 13 14 15 | 15.5
Shields        | 1 2 3 4 5 6 8 9 11 | 11.0
Armour         | 3 4 6 8 9 10 | 10.3
Dodging        | 4 5 6 8 9 10 | 10.0
Invocations    | 2 5 6 7 9 10 11 | 11.7
Slings         | 2 3 4 5 |  5.5
Fighting       | 4 7 9 10 11 12 13 | 13.8
Evocations     | 2 5 6 |  6.0
Stealth        | |  1.5

Action                   |  1- 3 |  4- 6 |  7- 9 | 10-12 | 13-15 | 16-18 || total
-------------------------+-------+-------+-------+-------+-------+-------++-------
Melee: Dagger            |       |       |     4 |       |       |       ||     4
       Short sword       |       |       |       |     1 |       |       ||     1
       Rapier            |       |       |       |       |    14 |     2 ||    16
 Fire: Hunting sling     |       |       |    13 |   137 |       |       ||   150
 Cast: Magic Dart        |    77 |    19 |    14 |       |   101 |    84 ||   295
       Searing Ray       |     9 |    24 |    67 |   101 |    80 |    43 ||   324
       Summon Small Mamm |       |     1 |       |     2 |       |       ||     3
       Iskenderun's Myst |       |       |     2 |    51 |   147 |    83 ||   283
       Corpse Rot        |       |       |     1 |     1 |       |       ||     2
       Fulminant Prism   |       |       |       |    29 |    36 |    54 ||   119
       Iskenderun's Batt |       |       |       |       |    82 |    61 ||   143
       Starburst         |       |       |       |       |    95 |   124 ||   219
Invok: Draw Destruction  |       |       |       |     4 |       |       ||     4
       Triple Draw       |       |       |       |       |     8 |     5 ||    13
       Stack Five        |       |       |       |       |       |     1 ||     1
Evoke: Box of beasts     |       |       |       |       |     1 |       ||     1
       Wand              |       |       |       |       |       |     1 ||     1
  Use: Scroll            |     3 |     4 |     9 |    10 |     5 |     6 ||    37
       Potion            |       |       |       |     1 |       |     2 ||     3
Armor: Robe              |     4 |     9 |     8 |     4 |       |     3 ||    28
       Leather armour    |       |       |     5 |       |       |       ||     5
       Steam dragon scal |       |       |       |    12 |       |       ||    12
       Acid dragon scale |       |       |       |    34 |    43 |    11 ||    88
       Ice dragon scales |       |       |       |       |       |    91 ||    91
       Skin              |       |       |       |       |       |     1 ||     1
Dodge: Dodged            |     9 |    21 |    31 |    62 |    64 |    91 ||   278
Block: Kite shield       |       |    15 |    26 |    50 |       |       ||    91
       Buckler           |       |       |       |    31 |    65 |   120 ||   216
       Reflection        |       |       |       |     4 |    15 |    44 ||    63

Table legend: (Time is in decaauts)
 A = Elapsed time spent in this place.
 B = Non-inter-level travel time spent in this place.
 C = Inter-level travel time spent in this place.
 D = Time resting spent in this place.
 E = Time spent auto-exploring this place.
 F = Levels seen in this place.
 G = Mean time per level.
                   A        B        C        D        E       F      G
               +--------+--------+--------+--------+--------+-----+--------+
         Total |  30009 |  28195 |   1814 |    720 |  21666 |  32 |  937.8 |
       Dungeon |  14048 |  13062 |    986 |    115 |  10608 |  15 |  936.5 |
        Temple |    108 |    108 |      0 |      0 |     39 |   1 |  108.0 |
          Lair |   6197 |   5758 |    439 |     39 |   4832 |   6 | 1032.8 |
     Snake Pit |   5286 |   5022 |    264 |    422 |   3558 |   4 | 1321.5 |
  Orcish Mines |   1758 |   1634 |    124 |      0 |   1299 |   2 |  879.0 |
       Ossuary |    413 |    413 |      0 |      0 |    226 |   1 |  413.0 |
        Bailey |    791 |    791 |      0 |     44 |    444 |   1 |  791.0 |
      Ice Cave |    713 |    713 |      0 |    100 |    365 |   1 |  713.0 |
      Gauntlet |    691 |    691 |      0 |      0 |    295 |   1 |  691.0 |
               +--------+--------+--------+--------+--------+-----+--------+

Top non-repeatable levels by time:
 Snake:3: 2093 daAuts
     D:9: 1387 daAuts
 Snake:1: 1386 daAuts
     D:1: 1385 daAuts
  Lair:6: 1307 daAuts
  Lair:5: 1244 daAuts
   Orc:2: 1117 daAuts
  Lair:4: 1106 daAuts
    D:10: 1099 daAuts
    D:15: 1083 daAuts
 Snake:2: 1082 daAuts
     D:8: 1021 daAuts
    D:13: 971 daAuts
    D:14: 948 daAuts
     D:7: 938 daAuts
